 Dungeon Crawl Stone Soup version 0.30.0-29-ga12c61a403 (webtiles) character file.

Game seed: 5309452928380175060

88 Irreverend the Poker (level 4, 0/34 HPs)
             Began as a Demonspawn Gladiator on June 6, 2023.
             Slain by an orc priest
             ... wielding a +0 whip
              (4 damage)
             ... on level 3 of the Dungeon.
             The game lasted 00:01:42 (1762 turns).

Irreverend the Poker (Demonspawn Gladiator)         Turns: 1762, Time: 00:01:43

Health: 0/34       AC:  4    Str: 16    XL:     4   Next: 29%
Magic:  4/4        EV: 12    Int: 10    God:
Gold:   131        SH:  0    Dex: 14    Spells: 3/3 levels left

rFire   . . .        a - +0 trident
rCold   . . .        (no shield)
rNeg    . . .        b - +0 leather armour
rPois   .            c - +0 helmet
rElec   .            (no cloak)
rCorr   .            (no gloves)
SInv    .            (no boots)
Will    .....        (no amulet)
Stlth   +            (no ring)
HPRegen 0.25/turn    (no ring)
MPRegen 0.09/turn

%: no passive effects
@: no status effects
A: weakness stinger 1, demonic touch 1
a: no special abilities


You were on level 3 of the Dungeon.
You visited 1 branch of the dungeon, and saw 3 of its levels.

You collected 131 gold pieces.

Inventory:

Hand Weapons
 a - a +0 trident (weapon)
Missiles
 d - 3 throwing nets (quivered)
 e - a javelin
Armour
 b - a +0 leather armour (worn)
 c - a +0 helmet (worn)
Jewellery
 u - a ring of resist corrosion
 v - a ring of poison resistance
Wands
 p - a wand of flame (13)
Scrolls
 h - a scroll of magic mapping {unknown}
 j - a scroll of enchant weapon {unknown}
 k - a scroll of teleportation {unknown}
 l - a scroll of fog {unknown}
 m - 3 scrolls of identify {unknown}
 o - a scroll of vulnerability {unknown}
 r - a scroll of silence {unknown}
 s - a scroll of butterflies {unknown}
 t - a scroll of blinking {unknown}
Potions
 f - 2 potions of mutation {unknown}
 g - a potion of haste {unknown}
 i - 2 potions of attraction {unknown}
 n - a potion of magic {unknown}
 q - 2 potions of heal wounds {unknown}
 w - a potion of degeneration {unknown}


   Skills:
 + Level 2.6 Fighting
 * Level 3.5 Polearms
 + Level 2.4 Throwing
 + Level 3.2 Dodging


You had 3 spell levels left.
You didn't know any spells.
Your spell library contained the following spells:

 Spells                   Type           Power      Damage    Failure   Level
 Sandblast                Erth           0%         2d4       43%         1
 Passwall                 Tmut/Erth      0%         N/A       56%         2
 Stone Arrow              Conj/Erth      0%         3d7       80%         3


Dungeon Overview and Level Annotations

Branches:
Dungeon (3/15)

Altars:

Shops:
D:1 *   D:3 !


Innate Abilities, Weirdness & Mutations

You have a small tail.
Your touch may inflict minor irresistible damage on your foes.


Message History

w - a sedimented grey potion You open the door.
There is an open door here.
An orc priest comes into view. It is wielding a +0 whip.
An orc priest is nearby! 2 orcs come into view.
The orc shouts!
You hit the orc priest but do no damage.
The orc priest closely misses you.
You hit the orc priest.
The orc priest is moderately wounded.
The orc priest hits you but does no damage.
The orc hits you with a +0 morningstar! x2
The orc priest hits you with a +0 whip.
You are too injured to fight recklessly!
You are too injured to fight recklessly!
You are too injured to fight recklessly!
You are too injured to fight recklessly!
You are too injured to fight recklessly!
You are too injured to fight recklessly!
You are too injured to fight recklessly!
You are too injured to fight recklessly!
You are too injured to fight recklessly!
You are too injured to fight recklessly!
You are too injured to fight recklessly!
You are too injured to fight recklessly!
You are too injured to fight recklessly!
You are too injured to fight recklessly!
You are too injured to fight recklessly!
You are too injured to fight recklessly!
You are too injured to fight recklessly!
You are too injured to fight recklessly!
The orc priest attacks as you move away!
The orc priest hits you with a +0 whip.
* * * LOW HITPOINT WARNING * * *
The orc attacks as you move away! The orc hits you with a +0 flail!
* * * LOW HITPOINT WARNING * * *
The orc priest attacks as you move away!
The orc priest hits you with a +0 whip.
You die...

#. ######## #.. ......#
#.. #.....# #.. #.....#
#.# #.....# #.....#
#..# ##+## #.###.ooo.#
#... ##...###......@..#
..##
##.....########.###
##.......## ##..#
#.........####...#####
'.........'............
#.........##.....#..###
##.......###..#..#..#
##.....## #..##.# .#
##...## #..##.# .#


You could see an orc priest and 2 orcs.

Vanquished Creatures
  3 adders (D:2)
  2 dart slugs (D:1)
  6 bats
  6 endoplasms
  4 giant cockroaches
  5 goblins
  4 hobgoblins
  12 kobolds
  2 quokkas
  2 ball pythons (D:1)
  2 frilled lizards (D:3)
  4 rats
52 creatures vanquished.

Notes
Turn   | Place    | Note
-------+----------+-------------------------------------------
     0 | D:1      | Irreverend the Demonspawn Gladiator began the quest for the
                  | Orb.
     0 | D:1      | Reached XP level 1. HP: 16/16 MP: 1/1
   123 | D:1      | Discovered your monstrous ancestry.
   123 | D:1      | Gained mutation: Your touch may inflict minor irresistible
                  | damage on your foes. [demonic ancestry]
   123 | D:1      | Reached XP level 2. HP: 14/22 MP: 2/2
   246 | D:1      | Gained mutation: You have a small tail. [demonic ancestry]
   246 | D:1      | Reached XP level 3. HP: 22/28 MP: 3/3
   277 | D:1      | Found Dis Wedu's General Store.
  1096 | D:2      | Reached XP level 4. HP: 34/34 MP: 4/4
  1361 | D:3      | Found Decel's Distillery.
  1762 | D:3      | Slain by an orc priest

Illustrated notes

Levels and vault maps discovered:
D:1:      ncdulo_smallfort, layout_rooms, serial_shops,
          nicolae_shop_pleasant_corner_grove
D:2:      minmay_wonky_spiral, layout_loops_ring
D:3:      layout_loops_corners, hellmonk_ecumenical_altar_heavens_door,
          serial_shops, nicolae_shop_industrial_runoff

Skill      XL: |  1  2 |
---------------+-------+-----
Throwing       | 2 |  2.4
Polearms       | 3 |  3.5
Dodging        | 3 |  3.2
Fighting       | |  2.6

Action                     |  1- 3 |  4- 6 || total
---------------------------+-------+-------++-------
  Melee: Trident           |    92 |    30 ||   122
         Touch             |     8 |     2 ||    10
         Tailslap          |     6 |     3 ||     9
   Stab: Sleeping          |     1 |     2 ||     3
 Armour: Leather armour    |    23 |     6 ||    29
  Dodge: Dodged            |    58 |    10 ||    68
